[Event "Titled Tuesday Blitz July 26 Late 2022"]
[White "Djordjevic, Vuk"]
[Black "Jorquera, Marcelo"]
[WhiteFideId "902098"]
[BlackFideId "3401197"]
[WhiteElo "2456"]
[BlackElo "2136"]
[Result "1-0"]
[Round "06"]
[TimeControl "180+1"]
[Date "2022.07.27"]
[WhiteClock "0:00:07"]
[BlackClock "0:00:08"]

1. e4 d5 2. f3 dxe4 3. fxe4 e5 4. Nf3 Bc5 5. d4 Bxd4 6. Bc4 Nf6 7. c3 Bb6 8. Qxd8+ Kxd8 9. Nxe5 Ke7 10. Nxf7 Rf8 11. Bg5 h6 12. Bxf6+ Kxf6 13. Rf1+ Ke7 14. Nd2 Nc6 15. O-O-O Be6 16. Rf3 Rxf7 17. Rg3 Ne5 18. Bxe6 Kxe6 19. Nb3 c6 20. Nd4+ Bxd4 21. cxd4 Nd7 22. e5 Nb6 23. Rg6+ Kd5 24. Rd6+ Kc4 25. Rd2 a5 26. b3+ Kb5 27. a4+ Ka6 28. Kb2 Nd5 29. g3 Raf8 30. Rg6 Rf2 31. Kc2 Nb4+ 32. Kc1 R2f7 33. d5 Nxd5 34. Rxd5 Re7 35. h4 Ka7 36. Rxa5+ Kb6 37. b4 Rf5 38. Rc5 Rf3 39. a5+ Ka7 40. Kb2 Rd7 41. Rc3 Rd2+ 42. Kb3 Rf7 43. e6 Re7 44. Re3 Rd6 45. g4 Kb8 46. h5 Kc7 47. Kc4 Rd5 48. Rd3 Re5 49. Rd7+ Rxd7 50. exd7 Rg5 51. Rxg5 hxg5 52. Kc5 Kxd7 53. Kb6 Kc8 54. a6 bxa6 55. Kxc6 Kb8 56. Kb6 Ka8 57. Kxa6 Kb8 58. Kb6 Ka8 59. Kc7 Ka7 60. b5 1-0


[Site "https://www.chess.com"]

[Event "Titled Tuesday Blitz July 26 Late 2022"]
[White "Domingo Nunez, Ruben"]
[Black "Deviprasath, Sharvesh"]
[WhiteFideId "22245570"]
[BlackFideId "30938228"]
[WhiteElo "2373"]
[BlackElo "2102"]
[Result "1-0"]
[Round "06"]
[TimeControl "180+1"]
[Date "2022.07.26"]
[WhiteClock "0:01:14"]
[BlackClock "0:01:38"]

1. b3 Nf6 2. Bb2 g6 3. e4 Bg7 4. e5 Nd5 5. c4 Nb6 6. h4 h5 7. Nf3 d5 8. c5 N6d7 9. d4 c6 10. Bd3 Nf8 11. Qc2 Bg4 12. Ng5 Ne6 13. Nxf7 Kxf7 14. Bxg6+ Kg8 15. f3 Nxd4 16. Bxd4 Be6 17. f4 Nd7 18. f5 Qa5+ 19. Nd2 Nxe5 20. fxe6 Rf8 21. Bxe5 Bxe5 22. Bf7+ Rxf7 23. exf7+ Kxf7 24. O-O+ Kg7 25. Nf3 1-0


[Site "https://www.chess.com"]

[Event "Titled Tuesday Blitz July 26 Late 2022"]
[White "Ernst, Sipke"]
[Black "Koellner, Ruben Gideon"]
[WhiteFideId "1004689"]
[BlackFideId "12993093"]
[WhiteElo "2436"]
[BlackElo "2531"]
[Result "1-0"]
[Round "06"]
[TimeControl "180+1"]
[Date "2022.07.26"]
[WhiteClock "0:01:38"]
[BlackClock "0:00:04"]

1. d4 d6 2. Nf3 Nf6 3. Nbd2 Bf5 4. g3 Nbd7 5. Bg2 e5 6. O-O h6 7. c4 e4 8. Ne1 c6 9. d5 c5 10. Nc2 g5 11. b4 b6 12. Bb2 Bg7 13. Ne3 Bg6 14. Nxe4 Qe7 15. Nxf6+ Bxf6 16. Bxf6 Qxf6 17. Qa4 Rd8 18. Bh3 h5 19. bxc5 bxc5 20. Bxd7+ Rxd7 21. Ng2 h4 22. Rae1 Ke7 23. f3 h3 24. Ne3 Qd4 25. Qa3 Kf6 26. Rd1 Re8 27. Rxd4 cxd4 28. Ng4+ Kg7 29. Qb2 1-0


[Site "https://www.chess.com"]

[Event "Titled Tuesday Blitz July 26 Late 2022"]
[White "Fiedorek, Michal"]
[Black "Aaron, Deepak"]
[WhiteFideId "1199528"]
[BlackFideId "2009412"]
[WhiteElo "1833"]
[BlackElo "2640"]
[Result "1-0"]
[Round "06"]
[TimeControl "180+1"]
[Date "2022.07.27"]
[WhiteClock "0:00:04"]
[BlackClock "0:00:09"]

1. e4 e5 2. Nf3 Nc6 3. Bc4 Bc5 4. c3 Nf6 5. d3 d6 6. O-O Bb6 7. h3 h6 8. a4 a5 9. Be3 g5 10. Bxb6 cxb6 11. d4 Qe7 12. Re1 g4 13. hxg4 Bxg4 14. Be2 Rg8 15. Nh4 Bh3 16. Qd3 Bd7 17. Nd2 O-O-O 18. Nc4 Kb8 19. Nxb6 Bg4 20. d5 Nh5 21. dxc6 Nf4 22. Nd5 Bxe2 23. Nxe7 Bxd3 24. Nxg8 Rxg8 25. cxb7 Kxb7 26. Kh2 Bc2 27. g3 Ne6 28. Nf5 Kc7 29. b4 Ng5 30. Nh4 Bxe4 31. f4 exf4 32. gxf4 Nf3+ 33. Nxf3 Bxf3 34. Re7+ Kc6 35. Rxf7 Rg2+ 36. Kh3 Rc2 37. b5+ Kb6 38. Rf6 Rxc3 39. Rxd6+ Kc5 40. Rxh6 Be4+ 41. Kh4 Rc2 42. Kg5 Kd4 43. Kf6 Ke3 44. f5 Kf4 45. Rh4+ Kf3 46. Rf1+ Kg2 47. Re1 Bf3 48. Re3 Rc4 49. Rxc4 1-0


[Site "https://www.chess.com"]

[Event "Titled Tuesday Blitz July 26 Late 2022"]
[White "Goltseva, Ekaterina"]
[Black "Salem, A.R. Saleh"]
[WhiteFideId "24173770"]
[BlackFideId "9301348"]
[WhiteElo "2086"]
[BlackElo "2679"]
[Result "0-1"]
[Round "06"]
[TimeControl "180+1"]
[Date "2022.07.26"]
[WhiteClock "0:00:02"]
[BlackClock "0:00:15"]

1. d4 d5 2. c4 e6 3. Nf3 Nf6 4. Nc3 Nbd7 5. cxd5 exd5 6. Bg5 h6 7. Bh4 c6 8. e3 Be7 9. Be2 O-O 10. O-O Re8 11. Rb1 a5 12. Qc2 Ne4 13. Bxe7 Qxe7 14. Na4 Ra7 15. a3 h5 16. Bd3 h4 17. h3 g6 18. Bxe4 dxe4 19. Nd2 Kg7 20. Rfd1 Nf6 21. Qc5 b5 22. Qxe7 Raxe7 23. Nc5 g5 24. Rdc1 g4 25. Kh2 Bf5 26. a4 Nd5 27. hxg4 Bxg4 28. Ndxe4 Rxe4 29. Nxe4 Rxe4 30. f3 Bxf3 31. gxf3 Rxe3 32. Rxc6 bxa4 33. Rc5 Nf4 34. Rg1+ Kf6 35. Rg4 Re2+ 36. Kh1 Nd3 37. Rc6+ Kf5 38. Rxh4 Rxb2 39. Ra6 a3 40. Rxa5+ Kg6 41. Rxa3 Nb4 42. Rg4+ Kf6 43. Rg2 Rb1+ 44. Kh2 Rd1 45. Rg4 Nc2 46. Ra6+ Kf5 47. Ra5+ Kf6 48. Rf4+ Kg6 49. Ra6+ Kg5 50. Rxf7 Nxd4 51. f4+ Kg4 52. Rg6+ Kf3 53. Rg3+ Kf2 54. Rg2+ Kf3 55. f5 Kf4 56. Rg6 Nf3+ 57. Kg2 Rd2+ 58. Kf1 Rd1+ 59. Ke2 Rd2+ 60. Kf1 Ne5 61. Rgf6 Kf3 62. Ke1 Ra2 63. Rg7 Ke3 64. Rg3+ Kf4 65. Rb3 Ng4 66. Rf8 Ne3 67. Re8 Nc2+ 68. Kd1 Kxf5 0-1


[Site "https://www.chess.com"]

[Event "Titled Tuesday Blitz July 26 Late 2022"]
[White "Grigoriants, Sergey"]
[Black "Makarian, Rudik"]
[WhiteFideId "4130804"]
[BlackFideId "44105681"]
[WhiteElo "2502"]
[BlackElo "2403"]
[Result "1/2-1/2"]
[Round "06"]
[TimeControl "180+1"]
[Date "2022.07.26"]
[WhiteClock "0:00:04"]
[BlackClock "0:00:24"]

1. e4 d6 2. d4 Nf6 3. Nc3 e5 4. Nf3 Nbd7 5. Bc4 Be7 6. a4 O-O 7. O-O c6 8. Re1 exd4 9. Nxd4 Ne5 10. Bb3 Ng6 11. h3 Re8 12. Qf3 Qa5 13. Bd2 Qe5 14. Nf5 Bf8 15. Be3 Bxf5 16. Qxf5 Qxf5 17. exf5 Ne5 18. Bd4 h5 19. Rad1 Ned7 20. Rxe8 Rxe8 21. Bxa7 b6 22. a5 bxa5 23. Ba4 Rc8 24. Be3 d5 25. Ne2 Nc5 26. Bxc5 Bxc5 27. Nd4 Bxd4 28. Rxd4 Kf8 29. Rd3 Ne4 30. Ra3 Ke7 31. c3 Nc5 32. Bc2 Rb8 33. b3 Kd6 34. g4 hxg4 35. hxg4 f6 36. f4 Re8 37. Kf2 Rh8 38. Kg2 Rh4 39. Kg3 Rh1 40. Rxa5 Rc1 41. Ra2 Nxb3 42. Bxb3 Rxc3+ 43. Kh4 Rxb3 44. Kh5 Rb7 45. Kg6 d4 46. g5 fxg5 47. fxg5 c5 48. f6 gxf6 49. gxf6 Kd5 50. f7 Rb8 51. Rf2 c4 52. f8=Q Rxf8 53. Rxf8 c3 54. Kf5 c2 55. Rd8+ Kc4 56. Ke4 Kc3 57. Rc8+ Kd2 58. Kxd4 c1=Q 59. Rxc1 Kxc1 1/2-1/2


[Site "https://www.chess.com"]

[Event "Titled Tuesday Blitz July 26 Late 2022"]
[White "Grigorov, Grigor"]
[Black "Meshkovs, Nikita"]
[WhiteFideId "2907313"]
[BlackFideId "11602740"]
[WhiteElo "2510"]
[BlackElo "2506"]
[Result "0-1"]
[Round "06"]
[TimeControl "180+1"]
[Date "2022.07.26"]
[WhiteClock "0:00:04"]
[BlackClock "0:01:01"]

1. d4 Nf6 2. Nf3 e6 3. Bg5 d5 4. e3 Nbd7 5. Nbd2 Be7 6. Bd3 O-O 7. c3 b6 8. Ne5 Nxe5 9. dxe5 Nd7 10. Bxe7 Qxe7 11. f4 Bb7 12. O-O f6 13. exf6 Rxf6 14. Qh5 g6 15. Qh4 e5 16. Rae1 Raf8 17. Qg3 Qd6 18. fxe5 Nxe5 19. Be2 Kg7 20. Rxf6 Rxf6 21. Rf1 Rxf1+ 22. Bxf1 Nf7 23. Qf2 Qf6 24. Nf3 Nd6 25. Bd3 Qe7 26. h3 Bc8 27. Nd4 c5 28. Ne2 Bf5 29. Nf4 Bxd3 30. Nxd3 Qe4 31. Qf4 Qxd3 32. Qxd6 Qxe3+ 33. Kh2 d4 34. cxd4 cxd4 35. Qd7+ Kh6 36. Qxa7 d3 37. Qd7 Qf4+ 38. Kg1 Qe3+ 39. Kh2 d2 40. Qd6 Qe1 41. Qf4+ Kg7 42. Qd4+ Kf7 43. Qd7+ Kf6 44. Qd6+ Kf5 45. Qd3+ Kf4 46. Qd6+ Ke4 47. Qe6+ Kd3 48. Qb3+ Ke2 49. Qb5+ Kd1 50. Qxb6 Kc1 51. Qc5+ Kb1 52. Qc3 d1=Q 0-1


[Site "https://www.chess.com"]

[Event "Titled Tuesday Blitz July 26 Late 2022"]
[White "Gubajdullin, Alexei"]
[Black "Medeiros Jr, Francisco De Assis"]
[WhiteFideId "4141202"]
[BlackFideId "2114267"]
[WhiteElo "2190"]
[BlackElo "2020"]
[Result "0-1"]
[Round "06"]
[TimeControl "180+1"]
[Date "2022.07.27"]
[WhiteClock "0:00:01"]
[BlackClock "0:00:12"]

1. Nf3 d5 2. g3 e6 3. Bg2 a6 4. O-O Nf6 5. b3 Nbd7 6. Bb2 b6 7. c4 Bb7 8. Nc3 Be7 9. e3 O-O 10. Qe2 c5 11. Rad1 dxc4 12. bxc4 b5 13. cxb5 axb5 14. Nxb5 Rxa2 15. Bc3 Ba6 16. Qc4 Ra3 17. Rb1 Nb6 18. Qe2 Qe8 19. Ne5 Nfd5 20. Rfc1 Ra4 21. Bf1 Nxc3 22. dxc3 Bf6 23. Ng4 Be7 24. Qd1 Qd7 25. Ne5 Qxd1 26. Rxd1 Bf6 27. Nc6 Bb7 28. Nba7 Bxc6 29. Nxc6 Nd5 30. Rb7 Nxc3 31. Rdd7 g6 32. Bh3 Ne4 33. Ne7+ Bxe7 34. Rxe7 Ng5 35. Bf1 Ra2 36. h4 Nf3+ 37. Kg2 Ne1+ 38. Kg1 Nf3+ 39. Kg2 Ne1+ 40. Kh3 Nf3 41. Bc4 Rxf2 42. Bxe6 Ng1+ 43. Kg4 h5+ 44. Kg5 Kg7 45. Rxf7+ R8xf7 0-1


[Site "https://www.chess.com"]

[Event "Titled Tuesday Blitz July 26 Late 2022"]
[White "Hafiz, Arif Abdul"]
[Black "Paravyan, David"]
[WhiteFideId "7104227"]
[BlackFideId "4194985"]
[WhiteElo "2198"]
[BlackElo "2569"]
[Result "1-0"]
[Round "06"]
[TimeControl "180+1"]
[Date "2022.07.26"]
[WhiteClock "0:00:16"]
[BlackClock "0:00:01"]

1. e4 e5 2. Nc3 Nf6 3. f4 d5 4. fxe5 Nxe4 5. Qf3 Nc6 6. Bb5 Nxc3 7. dxc3 Qh4+ 8. g3 Qe4+ 9. Qxe4 dxe4 10. Ne2 Bd7 11. Bxc6 Bxc6 12. Be3 Be7 13. O-O-O O-O 14. Nd4 Bd7 15. Rhe1 Rad8 16. Rd2 a6 17. h4 Bg4 18. Bf4 c5 19. Nb3 Bf5 20. Rxd8 Rxd8 21. Nd2 h6 22. Nxe4 g5 23. hxg5 Bxe4 24. Rxe4 hxg5 25. Be3 Kg7 26. b4 cxb4 27. cxb4 b5 28. g4 Kg6 29. c3 Rh8 30. Kc2 Rh2+ 31. Bd2 Rg2 32. a3 f5 33. exf6 Bxf6 34. c4 bxc4 35. Rxc4 Be5 36. Kd1 Rg1+ 37. Ke2 Rg2+ 38. Ke1 Bg3+ 39. Kd1 Rg1+ 40. Kc2 Rg2 41. Rc6+ Kf7 42. Kd3 Bf4 43. Bxf4 gxf4 44. Rxa6 Rxg4 45. Ke4 Ke7 46. Kf3 Rh4 47. b5 Kd7 48. a4 Kc7 49. a5 Rh3+ 50. Kxf4 Rb3 51. b6+ Kb8 52. Ke4 Rb5 53. Kd4 Rh5 54. Ra7 Rg5 55. Kc4 Rh5 56. Kb4 Rh4+ 57. Kb5 Rh8 58. Ka6 Rg8 59. Rb7+ Ka8 60. Rc7 Kb8 61. Rc5 Rh8 62. Rg5 Rf8 63. Kb5 Re8 64. a6 Rf8 65. a7+ Ka8 66. Ka6 Rf6 67. Rg8+ Rf8 68. b7# 1-0


[Site "https://www.chess.com"]

[Event "Titled Tuesday Blitz July 26 Late 2022"]
[White "Ismagilov, Damir"]
[Black "Ozates, Tuna"]
[WhiteFideId "34199982"]
[BlackFideId "6354521"]
[WhiteElo "2138"]
[BlackElo "1887"]
[Result "1-0"]
[Round "06"]
[TimeControl "180+1"]
[Date "2022.07.26"]
[WhiteClock "0:00:13"]
[BlackClock "0:00:02"]

1. e4 e5 2. Nf3 Nc6 3. d4 exd4 4. Nxd4 Nf6 5. Nc3 Bb4 6. Nxc6 bxc6 7. Bd3 d5 8. exd5 O-O 9. O-O cxd5 10. h3 c6 11. Bf4 Re8 12. Qf3 Bxc3 13. bxc3 Ne4 14. Rfe1 Bf5 15. c4 Qf6 16. cxd5 cxd5 17. c4 dxc4 18. Bxc4 Rad8 19. Rad1 Rxd1 20. Rxd1 g5 21. Be3 Bg6 22. Qxf6 Nxf6 23. Bxa7 Ne4 24. Be3 h6 25. a4 Ra8 26. Ra1 Nd6 27. Bd5 Ra5 28. Bc6 Bc2 29. Bb6 Ra6 30. a5 Kf8 31. Rc1 Bb3 32. Rc3 Be6 33. Bf3 Ke8 34. Be2 Ra8 35. a6 Nc8 36. Be3 Kd8 37. Kh2 f5 38. a7 Rxa7 39. Rxc8+ Bxc8 40. Bxa7 Ke7 41. Bd4 Kf7 42. g3 Kg6 43. Be3 h5 44. f4 gxf4 45. Bxf4 Bd7 46. h4 Bc8 47. Kg1 Bd7 48. Kf2 Bc8 49. Ke3 Bd7 50. Bd3 Bc8 51. Kd4 Bd7 52. Bc4 Bc6 53. Ke5 Be4 54. Be6 Bc2 55. Bd7 Kg7 56. Bxf5 Bb3 57. Be4 Bf7 58. Bg5 Be8 59. Kf4 Bd7 60. Bd8 Bg4 61. Kg5 Be2 62. Bg6 Bd1 63. Bf6+ Kg8 64. Bxh5 Bc2 65. Bg6 Bb3 66. h5 Bf7 67. h6 1-0


[Site "https://www.chess.com"]

[Event "Titled Tuesday Blitz July 26 Late 2022"]
[White "Jarocka, Liwia"]
[Black "Clawitter, Craig"]
[WhiteFideId "21807558"]
[BlackFideId "2023105"]
[WhiteElo "1840"]
[BlackElo "2190"]
[Result "1-0"]
[Round "06"]
[TimeControl "180+1"]
[Date "2022.07.27"]
[WhiteClock "0:00:13"]
[BlackClock "0:00:01"]

1. e4 e6 2. Nc3 d5 3. d3 Nf6 4. Bg5 Be7 5. Nf3 c5 6. g3 Nc6 7. Bg2 h6 8. Bxf6 Bxf6 9. O-O O-O 10. Re1 Rb8 11. e5 Be7 12. Ne2 b5 13. c3 b4 14. d4 bxc3 15. bxc3 Qa5 16. h4 Ba6 17. Qc2 Rfc8 18. dxc5 Bxe2 19. Qxe2 Qxc3 20. Rac1 Qa3 21. Qe3 Qxa2 22. g4 Rb4 23. Ra1 Qb3 24. g5 Qxe3 25. Rxe3 Bxc5 26. Rc3 Bd4 27. Nxd4 Rxd4 28. Rac1 Rc4 29. Rxc4 dxc4 30. Rxc4 Ne7 31. Ra4 Nf5 32. gxh6 gxh6 33. h5 Rc7 34. Kh1 Kf8 35. Kh2 Ke7 36. Be4 f6 37. Bxf5 exf5 38. Ra6 fxe5 39. Rxh6 Rc2 40. Kg3 f4+ 41. Kf3 e4+ 42. Kxf4 Rxf2+ 43. Kxe4 Rh2 44. Kf5 a5 45. Rh7+ Kd6 46. Kg6 Rg2+ 47. Kh6 a4 48. Rg7 Rh2 49. Ra7 Rh4 50. Kg5 Rb4 51. h6 Rb1 52. Rxa4 Rg1+ 53. Rg4 1-0


[Site "https://www.chess.com"]

[Event "Titled Tuesday Blitz July 26 Late 2022"]
[White "Jin, Ashton"]
[Black "Tatarinov, Dmitry"]
[WhiteFideId "30931908"]
[BlackFideId "24160067"]
[WhiteElo "2503"]
[BlackElo "2302"]
[Result "1-0"]
[Round "06"]
[TimeControl "180+1"]
[Date "2022.07.26"]
[WhiteClock "0:00:06"]
[BlackClock "0:00:06"]

1. e4 e5 2. Nf3 Nc6 3. d4 exd4 4. Nxd4 Nf6 5. Nxc6 bxc6 6. e5 Qe7 7. Qe2 Nd5 8. h4 a5 9. c4 Ba6 10. b3 Qe6 11. Bb2 Bb4+ 12. Nd2 Nb6 13. O-O-O a4 14. Ne4 axb3 15. axb3 O-O-O 16. Qe3 h6 17. Nc5 Bxc5 18. Qxc5 Kb8 19. Qa5 Bb7 20. Bd4 Rhe8 21. Bd3 c5 22. Qxc5 d6 23. exd6 Rxd6 24. Be3 Red8 25. Bc2 Bxg2 26. Rxd6 Rxd6 27. Rd1 Rxd1+ 28. Bxd1 Kb7 29. Qb4 Qe4 30. Qb5 Qxh4 31. c5 Bc6 32. Qa5 Nd5 33. Be2 Kc8 34. Qa6+ Kd7 35. Qd3 Qb4 36. Bf3 Qc3+ 37. Qxc3 Nxc3 38. Bg4+ Kd8 39. Kd2 Nd5 40. Bd4 f6 41. Be6 Nf4 42. Bf7 h5 43. Be3 Nd5 44. Bxh5 Nxe3 45. Kxe3 Kd7 46. Bg4+ Ke7 47. Kd4 Bb5 48. f4 g6 49. Bf3 Bd7 50. Be4 Be6 51. Bxg6 Bxb3 52. Be4 Be6 53. Bf3 Kd7 54. Be4 Ke7 55. Bf3 Ba2 56. Be4 Bb3 57. Bf3 Bc2 58. Bd5 Kf8 59. Bf3 Bb3 60. Be4 Kg7 61. Bf5 Kh6 62. Kc3 Bf7 63. Kb4 Be8 64. Ka5 Bc6 65. Ka6 Kh5 66. Ka7 Bd5 67. Kb8 c6 68. Kc7 Kh4 69. Bd7 Kg3 70. f5 Kf4 71. Kd6 Kg5 72. Bxc6 Ba2 73. Bd7 Bb1 74. c6 1-0


[Site "https://www.chess.com"]

[Event "Titled Tuesday Blitz July 26 Late 2022"]
[White "Kalavannan, Koby"]
[Black "Hoffmann, Asa"]
[WhiteFideId "425753"]
[BlackFideId "2001470"]
[WhiteElo "1927"]
[BlackElo "2117"]
[Result "1-0"]
[Round "06"]
[TimeControl "180+1"]
[Date "2022.07.27"]
[WhiteClock "0:00:10"]
[BlackClock "0:00:01"]

1. d4 Nf6 2. c4 c5 3. d5 e5 4. Nc3 d6 5. Nf3 Be7 6. h3 Nbd7 7. a4 Nf8 8. a5 Ng6 9. a6 b6 10. e3 O-O 11. Bd3 Ne8 12. h4 f5 13. h5 Nh8 14. Bc2 e4 15. Ng1 Bf6 16. Nge2 Nc7 17. Nf4 Nxa6 18. Rxa6 Bxa6 19. Ne6 Qe7 20. g4 Bxc3+ 21. bxc3 Bxc4 22. gxf5 Rxf5 23. Bxe4 Re5 24. Qg4 Bxd5 25. Bxd5 Rxd5 26. Rg1 g6 27. hxg6 Nxg6 28. Qe4 Re8 29. Rxg6+ hxg6 30. Qxg6+ Kh8 31. Nf4 Re5 32. c4 Qg7 33. Qxd6 R5e7 34. Ng6+ Kh7 35. Nxe7 Qxe7 36. Qd3+ Qe4 37. Qd7+ Re7 38. Qh3+ Kg7 39. Bb2+ Kf7 40. Qh5+ Ke6 41. Qh6+ Kd7 42. Qh3+ Kc6 43. Qh6+ Qe6 44. Qh1+ Kc7 45. Qh2+ Kb7 46. Qh1+ Qc6 47. Qh4 Rd7 48. Be5 1-0


[Site "https://www.chess.com"]

[Event "Titled Tuesday Blitz July 26 Late 2022"]
[White "Kamsky, Gata"]
[Black "Vasquez Schroeder, Rodrigo"]
[WhiteFideId "2000024"]
[BlackFideId "3400042"]
[WhiteElo "2645"]
[BlackElo "2567"]
[Result "1-0"]
[Round "06"]
[TimeControl "180+1"]
[Date "2022.07.26"]
[WhiteClock "0:01:23"]
[BlackClock "0:00:59"]

1. e4 c5 2. Nc3 a6 3. f4 e6 4. Nf3 d5 5. e5 Nc6 6. d4 Nh6 7. Ne2 Nf5 8. c3 cxd4 9. cxd4 Bb4+ 10. Bd2 Qb6 11. Bxb4 Nxb4 12. Kf2 Bd7 13. g4 Ne7 14. Ng3 Rc8 15. Be2 f6 16. exf6 gxf6 17. Qb3 Rc2 18. Rab1 Qb5 19. Qxc2 Nxc2 20. Bxb5 Bxb5 21. a3 Nc6 22. Rhd1 1-0


[Site "https://www.chess.com"]

[Event "Titled Tuesday Blitz July 26 Late 2022"]
[White "Katz, Alexander"]
[Black "Ansh M Shah"]
[WhiteFideId "2039796"]
[BlackFideId "25033379"]
[WhiteElo "2386"]
[BlackElo "1819"]
[Result "0-1"]
[Round "06"]
[TimeControl "180+1"]
[Date "2022.07.27"]
[WhiteClock "0:00:04"]
[BlackClock "0:00:05"]

1. c4 c5 2. Nc3 Nf6 3. g3 Nc6 4. Bg2 g6 5. Nf3 Bg7 6. O-O O-O 7. d4 cxd4 8. Nxd4 a6 9. e4 d6 10. h3 Nxd4 11. Qxd4 Be6 12. Qd3 Rc8 13. b3 Nd7 14. Bb2 b5 15. cxb5 axb5 16. Rac1 b4 17. Na4 Bxb2 18. Nxb2 Nc5 19. Qe3 Qa5 20. Ra1 f6 21. f4 Nd7 22. f5 Bf7 23. Qh6 Rc2 24. Nd3 Ne5 25. Nf4 g5 26. Kh1 Rfc8 27. Rg1 Qd8 28. Nh5 Qf8 29. Qxf8+ Kxf8 30. g4 Bxh5 31. gxh5 h6 32. a4 bxa3 33. Rxa3 Rb2 34. h4 g4 35. b4 Rcc2 36. Rg3 Rxb4 37. Rf1 Rbb2 38. Kh2 Kf7 39. Rf4 Nf3+ 40. Rfxf3 gxf3 41. Rxf3 Rxg2+ 42. Kh3 Rgf2 43. Kg3 Rxf3+ 44. Kxf3 Rb3+ 0-1


[Site "https://www.chess.com"]

[Event "Titled Tuesday Blitz July 26 Late 2022"]
[White "Kopczynski, Michal"]
[Black "Danielyan, Vahe"]
[WhiteFideId "1124200"]
[BlackFideId "13304828"]
[WhiteElo "2235"]
[BlackElo "2419"]
[Result "1-0"]
[Round "06"]
[TimeControl "180+1"]
[Date "2022.07.27"]
[WhiteClock "0:00:04"]
[BlackClock "0:00:36"]

1. e4 g6 2. d4 Bg7 3. Nc3 a6 4. Be3 b5 5. Qd2 Bb7 6. f3 d6 7. O-O-O Nd7 8. h4 h5 9. Nh3 Ngf6 10. Kb1 Nb6 11. e5 Nfd5 12. exd6 cxd6 13. Ne4 Rc8 14. Bd3 Nc4 15. Bxc4 bxc4 16. c3 Qb6 17. Rde1 O-O 18. Bh6 Nf6 19. Nxf6+ exf6 20. Bxg7 Kxg7 21. Nf4 Qb5 22. Rhg1 Rfe8 23. g4 Rxe1+ 24. Rxe1 Bxf3 25. gxh5 Bxh5 26. d5 Bg4 27. h5 Re8 28. hxg6 fxg6 29. Rg1 Bf5+ 30. Ka1 Qc5 31. Qg2 Qe3 32. Ne6+ Rxe6 33. dxe6 Qxe6 34. Qb7+ Qf7 35. Qxa6 g5 36. a4 Bd3 37. a5 Qd5 38. Qb6 Qa8 39. a6 Qe8 40. Qa5 Qe3 41. Rh1 Qa7 42. Re1 g4 43. Qb5 Qf2 44. Qb7+ Kg6 45. Rh1 Kg5 46. a7 g3 47. a8=Q 1-0


[Site "https://www.chess.com"]

[Event "Titled Tuesday Blitz July 26 Late 2022"]
[White "Korchmar, Vasiliy"]
[Black "Eswaran, Ashritha"]
[WhiteFideId "24131750"]
[BlackFideId "2080788"]
[WhiteElo "2370"]
[BlackElo "2458"]
[Result "0-1"]
[Round "06"]
[TimeControl "180+1"]
[Date "2022.07.27"]
[WhiteClock "0:00:01"]
[BlackClock "0:00:49"]

1. e4 c6 2. d4 d5 3. e5 Bf5 4. c4 e6 5. Nc3 Ne7 6. a3 Nd7 7. cxd5 cxd5 8. Nge2 h5 9. h4 a6 10. Ng3 Bg6 11. Bd3 Bxd3 12. Qxd3 g6 13. Bg5 Qa5 14. O-O Nf5 15. Nxf5 gxf5 16. b4 Qb6 17. Rfc1 Be7 18. Bxe7 Kxe7 19. Na4 Qd8 20. b5 Qa5 21. Nc5 Nxc5 22. Rxc5 Rhc8 23. bxa6 Qxa6 24. Qc3 Rxc5 25. Qxc5+ Ke8 26. Qc1 Qc4 27. Qh6 Qxd4 28. Re1 Rxa3 29. Qh8+ Ke7 30. Qf6+ Ke8 31. Qh8+ Kd7 32. Qxh5 Ke7 33. Qg5+ Ke8 34. h5 Ra1 35. Rxa1 Qxa1+ 36. Kh2 Qxe5+ 37. f4 Qh8 38. h6 f6 39. Qg6+ Kf8 40. h7 b5 41. Kg1 b4 42. Qh6+ Kf7 43. Kf2 b3 44. g3 b2 45. Qh1 Kg7 46. Qb1 Qb8 0-1


[Site "https://www.chess.com"]

[Event "Titled Tuesday Blitz July 26 Late 2022"]
[White "Krstulovic, Alex"]
[Black "Carrasco Miranda, Andres"]
[WhiteFideId "760056"]
[BlackFideId "3405990"]
[WhiteElo "2244"]
[BlackElo "2177"]
[Result "0-1"]
[Round "06"]
[TimeControl "180+1"]
[Date "2022.07.27"]
[WhiteClock "0:00:07"]
[BlackClock "0:00:10"]

1. e4 c5 2. Nf3 d6 3. d4 cxd4 4. Nxd4 Nf6 5. Nc3 a6 6. Be3 Ng4 7. Bc1 Nf6 8. f3 e5 9. Nb3 Be6 10. Be3 h5 11. Nd5 Bxd5 12. exd5 Nbd7 13. Qd2 g6 14. c4 a5 15. a4 b6 16. Bd3 Bg7 17. O-O O-O 18. Rae1 Qc7 19. f4 e4 20. Be2 Ng4 21. Bxg4 hxg4 22. Rc1 Nc5 23. Nd4 Nxa4 24. f5 Be5 25. f6 Nc5 26. Bh6 Nd3 27. Nf5 Bxf6 28. Bxf8 Rxf8 29. Nh6+ Kg7 30. Nxg4 Bd4+ 31. Kh1 Rh8 32. Rce1 f5 33. Ne3 Qe7 34. Rd1 Rxh2+ 35. Kxh2 Qh4+ 36. Kg1 f4 37. g3 Qxg3+ 38. Qg2 Bxe3+ 39. Kh1 Qh4+ 40. Qh2 Nf2+ 41. Rxf2 Bxf2 42. Qxh4 Bxh4 43. Kg2 f3+ 44. Kh3 e3 0-1


[Site "https://www.chess.com"]

[Event "Titled Tuesday Blitz July 26 Late 2022"]
[White "Lashkin, Jegor"]
[Black "Fedoseev, Vladimir"]
[WhiteFideId "13907808"]
[BlackFideId "24130737"]
[WhiteElo "2368"]
[BlackElo "2726"]
[Result "1/2-1/2"]
[Round "06"]
[TimeControl "180+1"]
[Date "2022.07.26"]
[WhiteClock "0:00:12"]
[BlackClock "0:00:16"]

1. d4 Nf6 2. c4 e6 3. Nf3 d5 4. Nc3 Bb4 5. e3 O-O 6. Bd2 b6 7. cxd5 exd5 8. Rc1 c5 9. Be2 Nc6 10. dxc5 bxc5 11. a3 Bxc3 12. Bxc3 Ne4 13. O-O Be6 14. b4 Nxc3 15. Rxc3 c4 16. Nd4 Qf6 17. b5 Nxd4 18. Qxd4 Qxd4 19. exd4 Rfb8 20. Rb1 a6 21. b6 a5 22. f4 Ra6 23. b7 Ra7 24. Bf3 Raxb7 25. Rxb7 Rxb7 26. f5 Rb3 27. Rc1 Bxf5 28. Bxd5 Rxa3 29. Rxc4 g5 30. Rc7 Bg6 31. Bc4 Ra1+ 32. Kf2 a4 33. d5 Rd1 34. Ra7 Bc2 35. Bb5 Rxd5 36. Bxa4 Rd2+ 37. Kf3 Rd3+ 38. Ke2 Ra3 39. Ra8+ Kg7 40. Bc6 Rxa8 41. Bxa8 Kf6 42. Kf2 Ke5 43. Bc6 f5 44. g3 Be4 45. Bd7 f4 46. Bc8 Bf5 47. Bb7 Bh3 48. Bc6 Be6 49. Bb7 Kf5 50. Bf3 Ke5 51. Bd1 Bf5 52. Be2 Be4 53. Bg4 Kf6 54. Bd1 Kf5 55. Bh5 h6 56. Bd1 Ke5 57. Bg4 Bf5 58. Bd1 Be6 59. Bf3 Bb3 60. Bg4 Bc2 61. Bf3 Bd3 62. Bd1 Be4 63. h4 Kf5 64. hxg5 Kxg5 65. gxf4+ Kxf4 66. Kg1 Kg3 67. Bh5 Bg2 68. Bd1 Bh3 69. Bh5 Bf5 70. Bd1 Bd3 71. Bh5 Bb5 72. Bd1 Be8 73. Be2 Bg6 74. Bd1 Be4 75. Be2 Bf3 76. Bxf3 Kxf3 77. Kh2 Kg4 78. Kh1 Kg3 79. Kg1 h5 80. Kh1 h4 81. Kg1 h3 82. Kh1 h2 1/2-1/2


[Site "https://www.chess.com"]

[Event "Titled Tuesday Blitz July 26 Late 2022"]
[White "Leitao, Rafael"]
[Black "Souleidis, Georgios"]
[WhiteFideId "2101246"]
[BlackFideId "4206827"]
[WhiteElo "2609"]
[BlackElo "2401"]
[Result "0-1"]
[Round "06"]
[TimeControl "180+1"]
[Date "2022.07.26"]
[WhiteClock "0:00:02"]
[BlackClock "0:00:05"]

1. c4 e5 2. Nc3 Nc6 3. Nf3 Nf6 4. e4 Bb4 5. d3 d6 6. a3 Bc5 7. b4 Bd4 8. Nxd4 Nxd4 9. Ne2 Bg4 10. f3 Nxe2 11. Bxe2 Be6 12. d4 c6 13. O-O O-O 14. Bb2 Qc7 15. Qd2 Rad8 16. Rac1 Rfe8 17. Rfd1 Bc8 18. Qc3 Qe7 19. Rd2 Nh5 20. Rcd1 Nf4 21. Bf1 Ng6 22. c5 f6 23. cxd6 Rxd6 24. dxe5 Rxd2 25. Qxd2 Nxe5 26. f4 Ng6 27. Bc4+ Kh8 28. Re1 Qc7 29. g3 Bg4 30. Kg2 Rd8 31. Qe3 Qd7 32. Bc3 Bh3+ 33. Kg1 Bg4 34. e5 fxe5 35. fxe5 Be6 36. Bf1 Re8 37. Bg2 Qe7 38. Rd1 Rd8 39. Re1 a6 40. h3 Qd7 41. Kh2 Kg8 42. h4 Nf8 43. h5 Qd3 44. Be4 Qxe3 45. Rxe3 Bd5 46. Bc2 Ne6 47. a4 Rf8 48. Bd1 Rf1 49. Re1 Rf2+ 50. Kh3 h6 51. Kg4 Rf8 52. Bd2 Nd4 53. Bf4 Be6+ 54. Kh4 Nf5+ 55. Kh3 Ne7+ 56. Kh2 Nd5 57. Bd2 Rf2+ 58. Kg1 Rxd2 59. Bf3 Rd3 60. Be4 Rxg3+ 61. Kf2 Rg5 62. b5 Rxe5 63. Bh7+ Kxh7 64. Rxe5 Bf7 65. bxa6 bxa6 66. Re4 Bxh5 67. Rc4 Be8 68. Rc5 Nb4 69. Re5 Bf7 70. Re7 Bd5 71. Ke3 Kg6 72. Kd4 h5 73. Kc5 Nd3+ 74. Kb6 h4 75. Kxa6 Nf4 76. Re1 h3 77. Kb6 h2 78. a5 c5 79. Kxc5 h1=Q 80. Rxh1 Bxh1 0-1


[Site "https://www.chess.com"]